 Dungeon Crawl Stone Soup version 0.30-a0-390-g80c34de65d (webtiles) character file.

Game seed: 15033303536603096066

6316 KennySheep the Destroyer (level 10, -3/59 HPs)
             Began as a Tengu Hunter on Dec 5, 2022.
             Was a Believer of Vehumet.
             Slain by a vampire
             ... wielding a staff of air
              (11 damage)
             ... on level 9 of the Dungeon.
             The game lasted 00:52:22 (8789 turns).

KennySheep the Destroyer (Tengu Hunter)             Turns: 8789, Time: 00:52:22

Health: -3/59      AC: 11    Str: 11    XL:     10   Next: 95%
Magic:  21/21      EV: 22    Int: 12    God:    Vehumet [**....]
Gold:   381        SH:  5    Dex: 20    Spells: 3/22 levels left

rFire   . . .      SeeInvis .    a - +0 shortbow
rCold   + . .      Faith    .    (shield currently unavailable)
rNeg    . . .      Spirit   .    K - +2 leather armour {rC+}
rPois   .          Reflect  +    (helmet restricted)
rElec   .          Harm     .    (no cloak)
rCorr   .          Rampage  .    g - +1 pair of gloves
Will    .....                    (boots unavailable)
Stlth   ++........               c - amulet of reflection
HPRegen 0.29/turn                q - +4 ring of evasion
MPRegen 0.17/turn                h - +4 ring of protection

@: flying quickly and evasively, quick
A: beak, talons 3, nimble flight
a: Renounce Religion


You were on level 9 of the Dungeon.
You worshipped Vehumet.
Vehumet was pleased with you.
You visited 1 branch of the dungeon, and saw 10 of its levels.
You also visited: Sewer.

You collected 681 gold pieces.
You spent 300 gold pieces at shops.

Inventory:

Hand Weapons
 a - a +0 shortbow (weapon)
 H - a +4 dagger of electrocution
Missiles
 D - a throwing net
Armour
 g - a +1 pair of gloves (worn)
 K - a +2 leather armour of cold resistance (worn)
Jewellery
 c - an amulet of reflection (around neck)
 h - a +4 ring of protection (right hand)
 o - an amulet of guardian spirit
 q - a +4 ring of evasion (left hand)
Wands
 l - a wand of roots (6)
 J - a wand of polymorph (5)
Scrolls
 b - 3 scrolls of immolation
 f - 2 scrolls of blinking
 i - a scroll of silence
 j - a scroll of enchant armour
 m - 4 scrolls of poison
 v - 2 scrolls of amnesia
 y - a scroll of teleportation
 A - 2 scrolls of vulnerability
 B - 2 scrolls of magic mapping
 C - 2 scrolls of fog
Potions
 d - 2 potions of mutation
 e - 2 potions of haste
 k - 2 potions of attraction
 n - 6 potions of curing
 p - a potion of might {unknown}
 r - 3 potions of heal wounds
 t - a potion of magic
 w - a potion of brilliance
 x - a potion of berserk rage
 z - a potion of resistance
 E - a potion of flight
 G - 2 potions of lignification


   Skills:
 + Level 5.5 Fighting
 - Level 5.1 Ranged Weapons
 + Level 5.9 Dodging
 - Level 2.0 Stealth
 + Level 6.7 Spellcasting
 * Level 13.6 Conjurations
 - Level 7.0 Air Magic


You had 3 spell levels left.
You knew the following spells:

 Your Spells              Type           Power      Damage    Failure   Level
a - Shock                 Conj/Air       100%       1d9       1%          1
b - Blink                 Tloc           8%         N/A       32%         2
c - Orb of Destruction    Conj           18%        9d8       56%         7
d - Poisonous Vapours     Pois/Air       24%        N/A       8%          2
e - Spellforged Servitor  Conj/Summ      10%        N/A       100%        7

Your spell library contained the following spells:

 Spells                   Type           Power      Damage    Failure   Level
 Ignite Poison            Fire/Tmut/Pois 4%         N/A       54%         3
 Momentum Strike          Conj/Tloc      40%        3d9       1%          2
 Lesser Beckoning         Tloc           8%         N/A       54%         3
 Summon Guardian Golem    Hex/Summ       4%         N/A       54%         3
 Leda's Liquefaction      Hex/Erth       2%         N/A       91%         4
 Lee's Rapid Deconstruct  Erth           2%         3d4*      99%         5
 Statue Form              Tmut/Erth      2%         N/A       100%        6


Dungeon Overview and Level Annotations

Branches:
Dungeon (10/15)            Temple (0/1) D:7            Lair (0/5) D:8
    Orc (0/2) D:9           Sewer (visited)

Altars:
Elyvilon
Kikubaaqudgha
Sif Muna
Uskayaw
Vehumet
Xom

Shops:
D:3 (   D:5 !

Annotations:
D:2 1 runed translucent door, Crazy Yiuf
D:7 Duvessa
D:9 exclusion: orange demon, Amaemon


Innate Abilities, Weirdness & Mutations

You have a beak for a mouth.
You have claws for feet.
Your magical nature lets you fly swiftly and evasively.


Message History

You fly downwards.
Level annotation: exclusion: orange demon, Amaemon The vampire zaps a wand.
The puff of flame hits you.
There is a stone staircase leading up, spattered with blood here.
Aiming: Corrosive Bolt
Press: ? - help, Shift-Dir - straight line, f - vampire
Aim: a vampire, wielding a staff of air and carrying a wand of flame (2) (71% to hit)
The bolt of acid hits the vampire!
The vampire is moderately damaged.
The vampire completely misses you. You block the vampire's attack.
Aiming: Corrosive Bolt
Press: ? - help, Shift-Dir - straight line, f/p - vampire
Aim: a vampire, wielding a staff of air and carrying a wand of flame (2) (moderately damaged, 71% to hit)
The bolt of acid hits the vampire.
The vampire is moderately damaged.
The vampire mumbles some strange words.
The vampire flickers and vanishes!
Deactivating autopickup; reactivate with Ctrl-A.
Aiming: Corrosive Bolt
Press: ? - help, Shift-Dir - straight line The bolt of acid hits something!
The acid corrodes something!
Something hits you!
You are electrocuted!
Something bites you!
Something draws strength from your injuries!
Aiming: Corrosive Bolt
Press: ? - help, Shift-Dir - straight line The bolt of acid hits something!
Something seems to be corroded for longer.
Something hits you but does no damage.
You are electrocuted!
Something bites you.
Something draws strength from your injuries!
Aiming: Corrosive Bolt
Press: ? - help, Shift-Dir - straight line The bolt of acid hits something!
Something seems to be corroded for longer.
The now-empty wand crumbles to dust.
Something hits you.
* * * LOW HITPOINT WARNING * * *
You are electrocuted!
* * * LOW HITPOINT WARNING * * *
Something bites you!
You die...

##########'## #.#.#.##########
###...# #.#.......# #...###
#######.### ######'#######
###..# ## #............####
#...## ##. #............'..#
##'#########.) #......[.....##.#
#......)..##)#
#............##)###.........#).#
#............##@{.'.........).##
#............######.........###
########'##### ##'######## #.#
#.V# #.# ##.## #.# #..# #.# ##.#
#.# #.# #.# #######'#######


There were no monsters in sight!

Vanquished Creatures
  3 two-headed ogres
  A manticore (D:7)
  A troll (D:10)
  A shadow (D:8)
  A wyvern (D:9)
  A steam dragon (D:9)
  Eustachio (D:5)
  Menkaure (D:5)
  An acid dragon (D:10)
  3 water moccasins
  An orc warrior (D:10)
  Pargi (Sewer)
  4 black bears
  2 ice beasts (D:6)
  2 ogres
  3 centaurs
  A phantom (D:5)
  2 bullfrogs (D:7)
  A kobold brigand (D:8)
  Blork the orc (D:5)
  3 scorpions
  4 wights (D:9)
  Dowan (D:7)
  5 killer bees (D:9)
  2 howler monkeys
  3 hounds
  2 jellies
  2 orc priests
  A gnoll bouda (D:6)
  4 iguanas
  2 orc wizards
  Natasha (twice) (D:2)
  9 adders
  A river rat (D:4)
  2 ufetubi
  4 worms
  2 dart slugs
  16 orcs
  5 bats (D:2)
  5 endoplasms
  4 giant cockroaches
  5 hobgoblins
  9 jackals
  A quokka (D:1)
  11 ball pythons
  3 frilled lizards
  7 goblins
  14 kobolds
  7 rats
168 creatures vanquished.

Vanquished Creatures (others)
  A kobold (D:8)
1 creature vanquished.

Grand Total: 169 creatures vanquished

Notes
Turn   | Place    | Note
-------+----------+-------------------------------------------
     0 | D:1      | KennySheep the Tengu Hunter began the quest for the Orb.
     0 | D:1      | Reached XP level 1. HP: 12/12 MP: 2/2
   514 | D:1      | Reached XP level 2. HP: 17/17 MP: 3/3
   701 | D:2      | Reached XP level 3. HP: 21/21 MP: 4/4
   861 | D:2      | Noticed Natasha
   868 | D:2      | Killed Natasha
   869 | D:2      | Reached skill level 5 in Ranged Weapons
   872 | D:2      | Reached XP level 4. HP: 27/27 MP: 5/5
  1216 | D:2      | Found a radiant altar of Vehumet.
  1236 | D:2      | Became a worshipper of Vehumet
  1428 | D:2      | Found a runed translucent door.
  1429 | D:2      | Noticed Crazy Yiuf
  1478 | D:2      | Noticed Natasha
  1485 | D:2      | Killed Natasha
  1486 | D:2      | Reached skill level 1 in Conjurations
  1505 | D:3      | Found Giar's Weapon Shop.
  1658 | D:3      | Reached skill level 2 in Conjurations
  1658 | D:3      | Gained mutation: Your magical nature lets you fly swiftly
                  | and evasively. [Tengu growth]
  1658 | D:3      | Reached XP level 5. HP: 26/32 MP: 7/7
  1709 | D:3      | Reached skill level 1 in Spellcasting
  2091 | D:4      | Found a glowing drain.
  2119 | D:4      | Reached skill level 3 in Conjurations
  2127 | D:4      | Reached * piety under Vehumet
  2127 | D:4      | Offered knowledge of Shock by Vehumet.
  2150 | D:4      | Learned a level 1 spell: Shock
  2160 | Sewer    | Entered a sewer
  2235 | Sewer    | Noticed Pargi
  2290 | Sewer    | Killed Pargi
  2291 | Sewer    | Reached skill level 4 in Conjurations
  2291 | Sewer    | Reached skill level 1 in Air Magic
  2291 | Sewer    | Reached XP level 6. HP: 36/36 MP: 7/9
  2758 | D:5      | Entered Level 5 of the Dungeon
  2802 | D:5      | Noticed Blork the orc
  2810 | D:5      | Killed Blork the orc
  2811 | D:5      | Reached skill level 5 in Conjurations
  2885 | D:5      | Reached XP level 7. HP: 32/40 MP: 11/11
  2965 | D:5      | Noticed Menkaure
  2971 | D:5      | Killed Menkaure
  2972 | D:5      | Reached skill level 6 in Conjurations
  3006 | D:5      | Offered knowledge of Poisonous Vapours by Vehumet.
  3010 | D:5      | Learned a level 2 spell: Blink
  3018 | D:5      | Learned a level 7 spell: Orb of Destruction
  3156 | D:5      | Reached ** piety under Vehumet
  3212 | D:5      | Noticed Eustachio
  3228 | D:5      | Killed Eustachio
  3229 | D:5      | Reached skill level 7 in Conjurations
  3229 | D:5      | Reached XP level 8. HP: 45/45 MP: 8/14
  3784 | D:5      | Reached skill level 8 in Conjurations
  3784 | D:5      | Reached skill level 5 in Air Magic
  3811 | D:5      | Found Sir Curph's Distillery.
  3891 | D:5      | Bought a potion of resistance for 120 gold pieces
  3891 | D:5      | Bought a potion of haste for 120 gold pieces
  3891 | D:5      | Bought a potion of heal wounds for 60 gold pieces
  4281 | D:6      | Found a hide-covered altar of Uskayaw.
  4310 | D:6      | Found a large runed translucent door.
  4310 | D:6      | Found a large runed translucent door.
  4556 | D:6      | Reached skill level 9 in Conjurations
  4926 | D:6      | Identified the +3 ring mail of Incorporation {-Tele rF++
                  | Slay+3}
  5189 | D:6      | Reached XP level 9. HP: 49/49 MP: 12/16
  5310 | D:6      | Found an ancient bone altar of Kikubaaqudgha.
  5313 | D:6      | Found a shimmering altar of Xom.
  5354 | D:7      | Reached skill level 10 in Conjurations
  5362 | D:7      | Learned a level 2 spell: Poisonous Vapours
  5402 | D:7      | Noticed a manticore
  5423 | D:7      | Killed a manticore
  5424 | D:7      | Reached skill level 5 in Spellcasting
  5651 | D:7      | Found a staircase to the Ecumenical Temple.
  5861 | D:7      | Reached skill level 11 in Conjurations
  5929 | D:7      | Noticed Duvessa
  6312 | D:7      | Noticed Dowan
  6327 | D:7      | Killed Dowan
  6497 | D:8      | Found a white marble altar of Elyvilon.
  6541 | D:8      | Offered knowledge of Ignite Poison by Vehumet.
  6672 | D:8      | Found a shimmering blue altar of Sif Muna.
  6725 | D:8      | Found a staircase to the Lair.
  6953 | D:9      | Noticed a two-headed ogre
  6960 | D:9      | Killed a two-headed ogre
  6961 | D:9      | Reached skill level 12 in Conjurations
  6961 | D:9      | Reached XP level 10. HP: 32/58 MP: 12/20
  7181 | D:9      | Noticed a two-headed ogre
  7197 | D:9      | Killed a two-headed ogre
  7304 | D:9      | Learned a level 7 spell: Spellforged Servitor
  7320 | D:9      | Reached skill level 5 in Dodging
  7491 | D:9      | Noticed Amaemon
  7706 | D:9      | Found a staircase to the Orcish Mines.
  7828 | D:9      | Reached skill level 5 in Fighting
  7828 | D:9      | Reached skill level 13 in Conjurations
  8031 | D:9      | Noticed an orange demon
  8039 | D:10     | Entered Level 10 of the Dungeon
  8067 | D:10     | Noticed a two-headed ogre
  8209 | D:10     | Killed a two-headed ogre
  8230 | D:10     | Reached *** piety under Vehumet
  8789 | D:9      | Slain by a vampire

Illustrated notes

Levels and vault maps discovered:
D:1:      giann_horns, layout_basic, hex_medium
D:2:      layout_basic, basic_altar, minmay_puff, uniq_crazy_yiuf_cottage,
          uniq_natasha
D:3:      layout_rooms, serial_shops, nicolae_shop_bloodbath_and_beyond,
          roderic_roman_lattice
D:4:      layout_rooms, portal_sewer_entry_c, minmay_statues_item
D:5:      layout_basic, serial_shops, nicolae_shop_trees, uniq_blork_the_orc,
          uniq_eustachio, uniq_menkaure
D:6:      layout_loops_ring, jmf_multi_god_temple2,
          mainiacjoe_overflow_24_doors, hangedman_decor_growths
D:7:      layout_basic, minmay_temple_entry_mini_moons, uniq_duvessa
D:8:      layout_gridville, lemuel_tele_altar, elyvilon_altar_4,
          lair_entry_dummy
D:9:      layout_roguey, orc_0_dummy, serial_bayou_pond_d, uniq_amaemon
D:10:     cheibrodos_ideogram_h, layout_basic, mainiacjoe_overflow_catwalk,
          kb_lookout_dungeons_type

Skill      XL: |  1  2  3  4  5  6  7  8  9 10 |
---------------+-------------------------------+-----
Ranged Weapons | 5 |  5.1
Stealth        | 2 |  2.0
Conjurations   | 2 4 5 7 9 12 13 | 13.6
Spellcasting   | 1 2 3 4 6 |  6.7
Air Magic      | 1 2 4 6 7 |  7.0
Fighting       | 4 5 |  5.5
Dodging        | 4 5 |  5.9

Action                   |  1- 3 |  4- 6 |  7- 9 | 10-12 || total
-------------------------+-------+-------+-------+-------++-------
 Fire: Shortbow          |    54 |   220 |   156 |     6 ||   436
 Cast: Shock             |       |     1 |   128 |    88 ||   217
       Poisonous Vapours |       |       |     6 |     6 ||    12
       Blink             |       |       |     1 |       ||     1
Evoke: Wand              |       |       |       |     5 ||     5
  Use: Scroll            |       |     7 |     6 |     1 ||    14
       Potion            |       |     3 |     4 |     2 ||     9
Armor: Leather armour    |     5 |     9 |       |    11 ||    25
       Troll leather arm |       |     2 |    40 |     2 ||    44
Dodge: Dodged            |    12 |    78 |   172 |    51 ||   313
Block: Other             |       |       |    13 |    15 ||    28
       Reflection        |       |       |     2 |     3 ||     5

Table legend: (Time is in decaauts)
 A = Elapsed time spent in this place.
 B = Non-inter-level travel time spent in this place.
 C = Inter-level travel time spent in this place.
 D = Time resting spent in this place.
 E = Time spent auto-exploring this place.
 F = Levels seen in this place.
 G = Mean time per level.
                   A        B        C        D        E       F      G
               +--------+--------+--------+--------+--------+-----+--------+
         Total |   8482 |   8317 |    165 |   1254 |   5037 |  11 |  771.1 |
       Dungeon |   8247 |   8082 |    165 |   1236 |   5037 |  10 |  824.7 |
         Sewer |    235 |    235 |      0 |     18 |      0 |   1 |  235.0 |
               +--------+--------+--------+--------+--------+-----+--------+

Top non-repeatable levels by time:
     D:5: 1354 daAuts
     D:9: 1118 daAuts
     D:6: 1093 daAuts
     D:2: 982 daAuts
     D:7: 951 daAuts
     D:8: 934 daAuts
     D:1: 556 daAuts
     D:4: 496 daAuts
     D:3: 478 daAuts
    D:10: 281 daAuts
   Sewer: 235 daAuts
